Vancouver Canucks vs Tampa Bay Lightning
Created - Saturday, May 31, 2025 at 08:14
Goals
|
| Vancouver Canucks |
1 |
2 |
2 |
5 |
| Tampa Bay Lightning |
0 |
2 |
1 |
3 |
|
Shots
|
| Vancouver Canucks |
10 |
9 |
17 |
36 |
| Tampa Bay Lightning |
3 |
10 |
16 |
29 |
|
1st period
1. Vancouver Canucks , Clayton Keller 32 (Mikko Rantanen 44, Artturi Lehkonen 30) at 1:32 (PP)
Penalties :
Moritz Seider (TBL) for Interference (Minor) at 0:25, Roope Hintz (TBL) for Interference (Minor) at 1:46, Ryan McDonagh (VAN) for Goalie Interference (Minor) at 4:32, Ty Dellandrea (VAN) for Roughing (Minor) at 10:25, Miro Heiskanen (VAN) for Interference (Minor) at 14:41, Darnell Nurse (TBL) for Interference (Minor) at 19:15
2nd period
2. Vancouver Canucks , Casey Mittelstadt 20 (Connor Zary 27, Robby Fabbri 33) at 1:04 (PP)
3. Vancouver Canucks , Casey Mittelstadt 21 (Robby Fabbri 34) at 12:06 (PP)
4. Tampa Bay Lightning , Travis Konecny 33 (Roope Hintz 39) at 12:26 (PP)
5. Tampa Bay Lightning , Filip Forsberg 25 (Kirill Kaprizov 39) at 17:39
Penalties :
Clayton Keller (VAN) for Tripping (Minor) at 9:42, Jason Dickinson (TBL) for Tripping (Minor) at 11:56, Mikko Rantanen (VAN) for Holding (Minor) at 12:15
3rd period
6. Tampa Bay Lightning , Jonathan Huberdeau 14 (Roope Hintz 40, Darnell Nurse 17) at 0:36
7. Vancouver Canucks , Clayton Keller 33 (Mikko Rantanen 45) at 4:57
8. Vancouver Canucks , Anton Lundell 12 (Connor Zary 28, Aku Raty 3) at 9:00
Penalties :
Darnell Nurse (TBL) for Delaying the game (Minor) at 9:07, Clayton Keller (VAN) for Cross-checking (Minor) at 10:07, Travis Konecny (TBL) for Tripping (Minor) at 14:31
Goalie Stats
Joonas Korpisalo (VAN), 26 saves from 29 shots - (0.897), W, 19-23-7, 60:00 minutes
Darcy Kuemper (TBL), 31 saves from 36 shots - (0.861), L, 39-16-9, 60:00 minutes
Players Stats for Vancouver Canucks
Player Name G A P +/- PIM S H SB GA TA FO MP PP MP PK MP
------------------------------------------------------------------------------------
Aku Raty 0 1 1 1 0 0 0 0 0 0 0/0 8:27 0:00 0:00
Aleksander Barkov 0 0 0 -2 0 3 0 1 0 0 6/13 19:40 3:23 4:24
Anton Lundell 1 0 1 1 0 3 3 1 0 0 4/5 13:56 4:41 0:00
Artturi Lehkonen 0 1 1 -2 0 3 1 0 0 0 0/2 20:01 3:56 4:28
Brett Leason 0 0 0 0 0 1 1 0 0 0 1/3 11:53 0:00 4:12
Casey Mittelstadt 2 0 2 1 0 4 0 0 1 2 14/32 20:26 4:08 0:33
Chad Ruhwedel 0 0 0 -1 0 0 1 2 0 2 0/0 16:22 0:00 4:07
Clayton Keller 2 0 2 1 4 9 3 0 4 0 0/1 19:14 3:55 0:00
Connor Zary 0 2 2 1 0 2 1 0 0 0 0/0 12:46 4:08 0:00
Emil Martinsen Lilleberg 0 0 0 1 0 0 0 0 0 1 0/0 12:54 0:00 0:00
Jacob Bernard-Docker 0 0 0 -1 0 0 0 1 0 2 0/0 15:26 0:00 4:07
Matias Maccelli 0 0 0 -2 0 2 0 0 0 0 0/0 11:37 0:00 0:00
Mikko Rantanen 0 2 2 1 2 3 4 0 0 0 7/13 20:52 3:56 1:07
Miro Heiskanen 0 0 0 0 2 2 1 2 0 1 0/0 22:59 3:23 1:13
Noah Hanifin 0 0 0 0 0 1 3 3 1 0 0/0 26:26 4:41 5:00
Robby Fabbri 0 2 2 0 0 1 0 1 0 0 0/0 9:33 4:08 0:00
Ryan McDonagh 0 0 0 1 2 1 1 0 1 3 0/0 17:22 0:00 3:47
Ty Dellandrea 0 0 0 0 2 1 2 0 0 0 0/0 9:54 0:00 3:30
Players Stats for Tampa Bay Lightning
Player Name G A P +/- PIM S H SB GA TA FO MP PP MP PK MP
------------------------------------------------------------------------------------
Anze Kopitar 0 0 0 1 0 4 0 0 0 1 18/32 24:06 4:43 3:55
Brent Burns 0 0 0 0 0 1 1 3 1 1 0/0 22:06 4:17 2:32
Darnell Nurse 0 1 1 1 4 2 2 1 0 0 0/0 19:17 4:16 2:38
Dylan Cozens 0 0 0 -1 0 1 1 0 0 0 0/2 12:59 0:00 3:55
Filip Forsberg 1 0 1 1 0 1 1 0 1 0 0/0 19:28 4:31 0:00
Gustav Nyquist 0 0 0 0 0 1 1 0 1 0 0/0 6:26 0:00 0:00
Hampus Lindholm 0 0 0 1 0 0 0 0 0 0 0/0 12:04 0:00 0:00
Jamie Benn 0 0 0 -1 0 2 0 1 0 0 4/7 13:43 4:21 0:00
Jason Dickinson 0 0 0 0 2 1 1 0 0 0 4/8 10:39 0:00 3:59
Jonathan Huberdeau 1 0 1 0 0 3 1 0 0 0 0/0 11:21 0:03 0:00
Jordan Martinook 0 0 0 0 0 0 0 0 0 0 0/0 6:26 0:00 0:00
Kirill Kaprizov 0 1 1 1 0 1 4 0 2 0 0/2 19:28 4:31 0:00
Michael Matheson 0 0 0 -1 0 1 3 6 0 3 0/0 24:52 5:11 4:03
Moritz Seider 0 0 0 0 2 1 0 1 2 0 0/0 23:30 4:42 3:24
Roope Hintz 0 2 2 0 2 2 0 0 3 1 10/15 16:16 4:33 0:00
Travis Konecny 1 0 1 0 2 3 4 1 1 0 1/2 16:34 4:24 0:10
Trevor Moore 0 0 0 -1 0 3 0 1 0 0 0/1 13:16 0:03 4:09
Tyler Myers 0 0 0 -1 0 2 3 3 0 1 0/0 18:20 0:00 3:31
3 Stars
1 - Casey Mittelstadt (VAN)
2 - Clayton Keller (VAN)
3 - Anton Lundell (VAN)
Power Play
Vancouver Canucks - 3 on 6 Attempt(s) - 50.00%
Tampa Bay Lightning - 1 on 6 Attempt(s) - 16.67%
Penalty Kill
Vancouver Canucks - 5 on 6 Attempt(s) - 83.33%
- Score 0 goal in Penalty Kill
Tampa Bay Lightning - 3 on 6 Attempt(s) - 50.00%
- Score 0 goal in Penalty Kill
Team Stat
Vancouver Canucks - Hits : 21 - Faceoff Wins : 32 - Blocked Shots : 11 - Penalty Minutes : 12
Tampa Bay Lightning - Hits : 22 - Faceoff Wins : 37 - Blocked Shots : 17 - Penalty Minutes : 12
Official
Referees : Justin St. Pierre and Chris Schlenker
Linesman : Tyson Baker and Libor Suchanek
Game Notes
No Game Note
Finance
Level 1 -- Attendance: 5991 (99.85%) -- Ticket Income $569,145
Level 2 -- Attendance: 5000 (100.00%) -- Ticket Income $275,000
Level 3 -- Attendance: 3000 (100.00%) -- Ticket Income $96,000
Level 4 -- Attendance: 5000 (100.00%) -- Ticket Income $110,000
Luxury Box -- Attendance: 997 (99.70%) -- Ticket Income $192,421
Game was played at the Tampa Bay Times Forum.
Total Attendance: 19988 (99.94%)
Total Ticket Income: $1,242,566
Other Income: $434,898
Total Income: $1,677,464
Vancouver Canucks
5 vs 5 Forward
Center Left Wing Right Wing Time % Phy DF OF
1 Casey Mittelstadt Clayton Keller Mikko Rantanen 40 1 1 3
2 Aleksander Barkov Matias Maccelli Artturi Lehkonen 30 1 2 2
3 Anton Lundell Connor Zary Aku Raty 20 1 2 2
4 Brett Leason Robby Fabbri Ty Dellandrea 10 1 3 1
5 vs 5 Defense
Defense Defense Time % Phy DF OF
1 Noah Hanifin Miro Heiskanen 30 1 2 2
2 Ryan McDonagh Emil Martinsen Lilleberg 30 1 2 2
3 Chad Ruhwedel Jacob Bernard-Docker 25 1 2 2
4 Noah Hanifin Miro Heiskanen 15 1 2 2
PowerPlay Forward
Center Left Wing Right Wing Time % Phy DF OF
1 Mikko Rantanen Clayton Keller Artturi Lehkonen 50 0 1 4
2 Casey Mittelstadt Connor Zary Robby Fabbri 50 0 1 4
PowerPlay Defense
Defense Defense Time % Phy DF OF
1 Aleksander Barkov Miro Heiskanen 50 0 1 4
2 Noah Hanifin Anton Lundell 50 0 1 4
Penalty Kill 4 Players Forward
Center Wing Time % Phy DF OF
1 Aleksander Barkov Brett Leason 50 1 2 2
2 Artturi Lehkonen Ty Dellandrea 50 1 2 2
Penalty Kill 4 Players Defense
Defense Defense Time % Phy DF OF
1 Ryan McDonagh Noah Hanifin 50 1 2 2
2 Jacob Bernard-Docker Chad Ruhwedel 50 1 2 2
Penalty Kill - 3 Players Forward
Forward Time % Phy DF OF
1 Brett Leason 50 1 2 2
2 Aleksander Barkov 50 1 2 2
Penalty Kill - 3 Players Defense
Defense Defense Time % Phy DF OF
1 Ryan McDonagh Noah Hanifin 50 1 2 2
2 Jacob Bernard-Docker Chad Ruhwedel 50 1 2 2
4 vs 4 Forward
Center Wing Time % Phy DF OF
1 Mikko Rantanen Clayton Keller 50 1 2 2
2 Casey Mittelstadt Matias Maccelli 50 1 2 2
4 vs 4 Defense
Defense Defense Time % Phy DF OF
1 Noah Hanifin Ryan McDonagh 50 1 2 2
2 Jacob Bernard-Docker Chad Ruhwedel 50 1 2 2
Last Minutes Offensive
Center Left Wing Right Wing Defense Defense
Aleksander Barkov Clayton Keller Mikko Rantanen Noah Hanifin Miro Heiskanen
Last Minutes Defensive
Center Left Wing Right Wing Defense Defense
Aleksander Barkov Artturi Lehkonen Brett Leason Noah Hanifin Ryan McDonagh
Goaltenders
Starting : Joonas Korpisalo
Backup : Ville Husso
Extra Forwards
Normal : Brett Leason, Mikko Rantanen, Clayton Keller - PP : Clayton Keller, Mikko Rantanen - PK : Mikko Rantanen
Extra Defensemen
Normal : Noah Hanifin, Miro Heiskanen, Ryan McDonagh - PP : Noah Hanifin - PK : Noah Hanifin, Miro Heiskanen
Penalty Shots
Artturi Lehkonen, Mikko Rantanen, Clayton Keller, Brett Leason, Miro Heiskanen
Scratches
Jesperi Kotkaniemi (Healthy), Adam Boqvist (Left Hip Injury), Jacob Bryson (Healthy), Justus Annunen (Healthy)
Tampa Bay Lightning
5 vs 5 Forward
Center Left Wing Right Wing Time % Phy DF OF
1 Anze Kopitar Kirill Kaprizov Filip Forsberg 38 0 2 3
2 Roope Hintz Travis Konecny Jonathan Huberdeau 32 0 3 2
3 Jamie Benn Dylan Cozens Trevor Moore 25 0 2 3
4 Jason Dickinson Jordan Martinook Gustav Nyquist 5 0 2 3
5 vs 5 Defense
Defense Defense Time % Phy DF OF
1 Moritz Seider Brent Burns 36 1 3 1
2 Michael Matheson Tyler Myers 34 1 3 1
3 Darnell Nurse Hampus Lindholm 30 1 3 1
4 Moritz Seider Michael Matheson 0 1 2 2
PowerPlay Forward
Center Left Wing Right Wing Time % Phy DF OF
1 Anze Kopitar Kirill Kaprizov Filip Forsberg 50 1 2 2
2 Roope Hintz Jamie Benn Travis Konecny 50 1 2 2
PowerPlay Defense
Defense Defense Time % Phy DF OF
1 Michael Matheson Moritz Seider 50 1 2 2
2 Brent Burns Darnell Nurse 50 1 2 2
Penalty Kill 4 Players Forward
Center Wing Time % Phy DF OF
1 Jason Dickinson Trevor Moore 50 1 2 2
2 Anze Kopitar Dylan Cozens 50 1 2 2
Penalty Kill 4 Players Defense
Defense Defense Time % Phy DF OF
1 Moritz Seider Tyler Myers 50 1 2 2
2 Michael Matheson Darnell Nurse 50 1 2 2
Penalty Kill - 3 Players Forward
Forward Time % Phy DF OF
1 Anze Kopitar 50 1 2 2
2 Jason Dickinson 50 1 2 2
Penalty Kill - 3 Players Defense
Defense Defense Time % Phy DF OF
1 Michael Matheson Darnell Nurse 50 1 2 2
2 Moritz Seider Tyler Myers 50 1 2 2
4 vs 4 Forward
Center Wing Time % Phy DF OF
1 Jamie Benn Travis Konecny 50 1 2 2
2 Anze Kopitar Roope Hintz 50 1 2 2
4 vs 4 Defense
Defense Defense Time % Phy DF OF
1 Michael Matheson Moritz Seider 50 1 2 2
2 Brent Burns Tyler Myers 50 1 2 2
Last Minutes Offensive
Center Left Wing Right Wing Defense Defense
Anze Kopitar Kirill Kaprizov Filip Forsberg Michael Matheson Moritz Seider
Last Minutes Defensive
Center Left Wing Right Wing Defense Defense
Anze Kopitar Jason Dickinson Travis Konecny Moritz Seider Hampus Lindholm
Goaltenders
Starting : Darcy Kuemper
Backup : Jeremy Swayman
Extra Forwards
Normal : Travis Konecny, Filip Forsberg, Jamie Benn - PP : Jonathan Huberdeau, Trevor Moore - PK : Travis Konecny
Extra Defensemen
Normal : Darnell Nurse, Michael Matheson, Moritz Seider - PP : Moritz Seider - PK : Brent Burns, Darnell Nurse
Penalty Shots
Trevor Moore, Filip Forsberg, Kirill Kaprizov, Anze Kopitar, Jonathan Huberdeau
Scratches
None
% Time on Ice - Vancouver Canucks
Lines # - Real PCT - Wanted PCT - Time Play
Normal Forward
1 - 37% - 40% - 15:17
2 - 31% - 30% - 12:52
3 - 20% - 20% - 8:27
4 - 13% - 10% - 5:14
Normal Defense
1 - 34% - 30% - 14:07
2 - 34% - 30% - 14:03
3 - 23% - 25% - 9:29
4 - 10% - 15% - 4:11
PP Forward
1 - 49% - 50% - 3:56
2 - 51% - 50% - 4:08
PP Defense
1 - 42% - 50% - 3:23
2 - 58% - 50% - 4:41
PK Forward
1 - 48% - 50% - 4:24
2 - 52% - 50% - 4:43
PK Defense
1 - 55% - 50% - 5:00
2 - 45% - 50% - 4:07
PK3 Forward
1 - 0% - 50%
2 - 0% - 50%
PK3 Defense
1 - 0% - 50%
2 - 0% - 50%
44 Forward
1 - 64% - 50% - 0:38
2 - 36% - 50% - 0:21
44 Defense
1 - 31% - 50% - 0:18
2 - 69% - 50% - 0:41
Last Minute Offensive - 0:00
Last Minute Defensive - 0:00
Total
Forward - 60:00
Defense - 60:00
|
% Time on Ice - Tampa Bay Lightning
Lines # - Real PCT - Wanted PCT - Time Play
Normal Forward
1 - 36% - 38% - 14:59
2 - 27% - 32% - 11:26
3 - 21% - 25% - 8:59
4 - 15% - 5% - 6:26
Normal Defense
1 - 37% - 36% - 15:21
2 - 34% - 34% - 14:25
3 - 29% - 30% - 12:04
4 - 0% - 0% - 0:00
PP Forward
1 - 50% - 50% - 4:31
2 - 50% - 50% - 4:36
PP Defense
1 - 57% - 50% - 5:11
2 - 43% - 50% - 3:56
PK Forward
1 - 51% - 50% - 4:09
2 - 49% - 50% - 3:55
PK Defense
1 - 47% - 50% - 3:47
2 - 53% - 50% - 4:17
PK3 Forward
1 - 0% - 50%
2 - 0% - 50%
PK3 Defense
1 - 0% - 50%
2 - 0% - 50%
44 Forward
1 - 64% - 50% - 0:38
2 - 36% - 50% - 0:21
44 Defense
1 - 32% - 50% - 0:19
2 - 68% - 50% - 0:40
Last Minute Offensive - 0:00
Last Minute Defensive - 0:00
Total
Forward - 60:00
Defense - 60:00
|
Play-by-Play
1st period
0:01 of 1st period - Casey Mittelstadt wins face-off versus Anze Kopitar in neutral zone.
0:04 of 1st period - Snap shot by Clayton Keller.
0:04 of 1st period - Stopped by Darcy Kuemper without a rebound.
0:05 of 1st period - Casey Mittelstadt wins face-off versus Anze Kopitar in Tampa Bay Lightning zone.
0:25 of 1st period - Minor Penalty to Moritz Seider for Interference.
0:26 of 1st period - Mikko Rantanen wins face-off versus Jason Dickinson in Tampa Bay Lightning zone.
0:26 of 1st period - Slapshot by Clayton Keller.
0:26 of 1st period - Shot Misses the Net.
0:28 of 1st period - Slapshot by Miro Heiskanen.
0:28 of 1st period - Shot Misses the Net.
0:30 of 1st period - Slapshot by Aleksander Barkov.
0:30 of 1st period - Deflect By Clayton Keller.
0:30 of 1st period - Shot Blocked by Trevor Moore.
0:30 of 1st period - Puck is out of play.
0:31 of 1st period - Mikko Rantanen wins face-off versus Jason Dickinson in Tampa Bay Lightning zone.
0:40 of 1st period - Snap shot by Clayton Keller.
0:40 of 1st period - Stopped by Darcy Kuemper with a rebound.
0:42 of 1st period - Slapshot by Aleksander Barkov.
0:42 of 1st period - Shot Blocked by Brent Burns.
0:46 of 1st period - Backhand shot by Mikko Rantanen.
0:46 of 1st period - Stopped by Darcy Kuemper with a rebound.
0:48 of 1st period - Snap shot by Aleksander Barkov.
0:48 of 1st period - Stopped by Darcy Kuemper without a rebound.
0:49 of 1st period - Casey Mittelstadt wins face-off versus Anze Kopitar in Tampa Bay Lightning zone.
0:50 of 1st period - Snap shot by Robby Fabbri.
0:50 of 1st period - Deflect By Casey Mittelstadt.
0:50 of 1st period - Stopped by Darcy Kuemper with a rebound.
0:52 of 1st period - Snap shot by Anton Lundell.
0:52 of 1st period - Stopped by Darcy Kuemper with a rebound.
0:54 of 1st period - Snap shot by Noah Hanifin.
0:54 of 1st period - Deflect By Casey Mittelstadt.
0:54 of 1st period - Deflect By Darnell Nurse.
0:54 of 1st period - Stopped by Darcy Kuemper with a rebound.
0:56 of 1st period - Slapshot by Anton Lundell.
0:56 of 1st period - Shot Blocked by Michael Matheson.
0:58 of 1st period - Snap shot by Connor Zary.
0:58 of 1st period - Shot Misses the Net.
1:00 of 1st period - Snap shot by Noah Hanifin.
1:00 of 1st period - Deflect By Casey Mittelstadt.
1:00 of 1st period - Shot Misses the Net.
1:00 of 1st period - Puck is out of play.
1:01 of 1st period - Anze Kopitar wins face-off versus Casey Mittelstadt in Tampa Bay Lightning zone.
1:32 of 1st period - Wrist shot by Clayton Keller.
1:32 of 1st period - Goal by Clayton Keller - Vancouver Canucks : 1 - Tampa Bay Lightning : 0.
1:33 of 1st period - Aleksander Barkov wins face-off versus Roope Hintz in neutral zone.
1:46 of 1st period - Minor Penalty to Roope Hintz for Interference.
1:47 of 1st period - Casey Mittelstadt wins face-off versus Anze Kopitar in Tampa Bay Lightning zone.
2:19 of 1st period - Snap shot by Jason Dickinson.
2:19 of 1st period - Stopped by Joonas Korpisalo without a rebound.
2:20 of 1st period - Mikko Rantanen wins face-off versus Anze Kopitar in Vancouver Canucks zone.
2:25 of 1st period - Slapshot by Clayton Keller.
2:25 of 1st period - Shot Blocked by Tyler Myers.
2:27 of 1st period - Snap shot by Artturi Lehkonen.
2:27 of 1st period - Stopped by Darcy Kuemper with a rebound.
2:47 of 1st period - Connor Zary is hit by Dylan Cozens and loses puck.
3:46 of 1st period - Penalty to Roope Hintz is over, Roope Hintz is back on ice.
4:21 of 1st period - Off-side.
4:22 of 1st period - Casey Mittelstadt wins face-off versus Kirill Kaprizov in neutral zone.
4:25 of 1st period - Wrist shot by Artturi Lehkonen.
4:25 of 1st period - Shot Misses the Net.
4:32 of 1st period - Minor Penalty to Ryan McDonagh for Goalie Interference.
4:33 of 1st period - Anze Kopitar wins face-off versus Aleksander Barkov in Vancouver Canucks zone.
5:27 of 1st period - Snap shot by Aleksander Barkov.
5:27 of 1st period - Shot Misses the Net.
5:50 of 1st period - Chad Ruhwedel is hit by Darnell Nurse and loses puck.
6:30 of 1st period - Noah Hanifin is hit by Travis Konecny and loses puck.
6:32 of 1st period - Penalty to Ryan McDonagh is over, Ryan McDonagh is back on ice.
6:47 of 1st period - Noah Hanifin is hit by Jason Dickinson and loses puck.
7:40 of 1st period - Jamie Benn is hit by Clayton Keller and loses puck.
8:39 of 1st period - Darnell Nurse is hit by Mikko Rantanen and loses puck.
8:52 of 1st period - Icing by Noah Hanifin.
8:53 of 1st period - Aleksander Barkov wins face-off versus Roope Hintz in Vancouver Canucks zone.
9:05 of 1st period - Artturi Lehkonen is hit by Travis Konecny and loses puck.
9:42 of 1st period - Snap shot by Dylan Cozens.
9:42 of 1st period - Stopped by Joonas Korpisalo with a rebound.
10:25 of 1st period - Minor Penalty to Ty Dellandrea for Roughing.
10:26 of 1st period - Roope Hintz wins face-off versus Artturi Lehkonen in Vancouver Canucks zone.
10:50 of 1st period - Snap shot by Aleksander Barkov.
10:50 of 1st period - Shot Misses the Net.
12:25 of 1st period - Penalty to Ty Dellandrea is over, Ty Dellandrea is back on ice.
12:35 of 1st period - Moritz Seider is hit by Ty Dellandrea and loses puck.
12:51 of 1st period - Off-side.
12:52 of 1st period - Jason Dickinson wins face-off versus Anton Lundell in neutral zone.
13:19 of 1st period - Snap shot by Connor Zary.
13:19 of 1st period - Stopped by Darcy Kuemper without a rebound.
13:20 of 1st period - Casey Mittelstadt wins face-off versus Roope Hintz in Tampa Bay Lightning zone.
13:51 of 1st period - Wrist shot by Dylan Cozens.
13:51 of 1st period - Deflect By Trevor Moore.
13:51 of 1st period - Stopped by Joonas Korpisalo without a rebound.
13:52 of 1st period - Aleksander Barkov wins face-off versus Jamie Benn in Vancouver Canucks zone.
14:02 of 1st period - Off-side.
14:03 of 1st period - Anze Kopitar wins face-off versus Casey Mittelstadt in neutral zone.
14:31 of 1st period - Off-side.
14:32 of 1st period - Roope Hintz wins face-off versus Aleksander Barkov in neutral zone.
14:37 of 1st period - Snap shot by Jonathan Huberdeau.
14:37 of 1st period - Shot Blocked by Miro Heiskanen.
14:39 of 1st period - Slapshot by Darnell Nurse.
14:39 of 1st period - Shot Misses the Net.
14:41 of 1st period - Minor Penalty to Miro Heiskanen for Interference.
14:42 of 1st period - Aleksander Barkov wins face-off versus Roope Hintz in Vancouver Canucks zone.
14:42 of 1st period - Aleksander Barkov is hit by Travis Konecny.
14:58 of 1st period - Snap shot by Travis Konecny.
14:58 of 1st period - Shot Misses the Net.
15:54 of 1st period - Jacob Bernard-Docker is hit by Kirill Kaprizov and loses puck.
16:41 of 1st period - Penalty to Miro Heiskanen is over, Miro Heiskanen is back on ice.
16:54 of 1st period - Jason Dickinson is hit by Miro Heiskanen and loses puck.
17:19 of 1st period - Roope Hintz is hit by Anton Lundell and loses puck.
17:32 of 1st period - Brett Leason is hit by Tyler Myers and loses puck.
18:00 of 1st period - Filip Forsberg is hit by Connor Zary and loses puck.
18:25 of 1st period - Jason Dickinson is hit by Clayton Keller and loses puck.
19:15 of 1st period - Minor Penalty to Darnell Nurse for Interference.
19:16 of 1st period - Mikko Rantanen wins face-off versus Anze Kopitar in Tampa Bay Lightning zone.
Goals for this period are 1 for Vancouver Canucks vs 0 for Tampa Bay Lightning.
Shots for this period are 10 for Vancouver Canucks vs 3 for Tampa Bay Lightning.
2nd period
0:01 of 2nd period - Anze Kopitar wins face-off versus Mikko Rantanen in neutral zone.
0:04 of 2nd period - Backhand shot by Dylan Cozens.
0:04 of 2nd period - Shot Blocked by Noah Hanifin.
0:14 of 2nd period - Wrist shot by Clayton Keller.
0:14 of 2nd period - Deflect By Brent Burns.
0:14 of 2nd period - Shot Misses the Net.
0:14 of 2nd period - Puck is out of play.
0:15 of 2nd period - Jason Dickinson wins face-off versus Casey Mittelstadt in Tampa Bay Lightning zone.
0:50 of 2nd period - Slapshot by Clayton Keller.
0:50 of 2nd period - Stopped by Darcy Kuemper without a rebound.
0:51 of 2nd period - Casey Mittelstadt wins face-off versus Jason Dickinson in Tampa Bay Lightning zone.
1:04 of 2nd period - Slapshot by Casey Mittelstadt.
1:04 of 2nd period - Goal by Casey Mittelstadt - Vancouver Canucks : 2 - Tampa Bay Lightning : 0.
1:05 of 2nd period - Anze Kopitar wins face-off versus Casey Mittelstadt in neutral zone.
1:14 of 2nd period - Slapshot by Clayton Keller.
1:14 of 2nd period - Shot Hit the Post.
1:58 of 2nd period - Trevor Moore is hit by Anton Lundell and loses puck.
2:03 of 2nd period - Snap shot by Connor Zary.
2:03 of 2nd period - Shot Misses the Net.
2:21 of 2nd period - Wrist shot by Jason Dickinson.
2:21 of 2nd period - Shot Blocked by Robby Fabbri.
2:33 of 2nd period - Casey Mittelstadt is hit by Kirill Kaprizov and loses puck.
3:40 of 2nd period - Miro Heiskanen is hit by Tyler Myers and loses puck.
3:53 of 2nd period - Slapshot by Michael Matheson.
3:53 of 2nd period - Stopped by Joonas Korpisalo with a rebound.
3:55 of 2nd period - Slapshot by Michael Matheson.
3:55 of 2nd period - Shot Misses the Net.
3:57 of 2nd period - Slapshot by Tyler Myers.
3:57 of 2nd period - Stopped by Joonas Korpisalo with a rebound.
4:13 of 2nd period - Slapshot by Jamie Benn.
4:13 of 2nd period - Stopped by Joonas Korpisalo with a rebound.
4:15 of 2nd period - Snap shot by Jamie Benn.
4:15 of 2nd period - Shot Misses the Net.
4:17 of 2nd period - Slapshot by Brent Burns.
4:17 of 2nd period - Shot Blocked by Noah Hanifin.
4:19 of 2nd period - Slapshot by Darnell Nurse.
4:19 of 2nd period - Deflect By Trevor Moore.
4:19 of 2nd period - Stopped by Joonas Korpisalo without a rebound.
4:20 of 2nd period - Jamie Benn wins face-off versus Casey Mittelstadt in Vancouver Canucks zone.
4:31 of 2nd period - Wrist shot by Casey Mittelstadt.
4:31 of 2nd period - Shot Misses the Net.
4:33 of 2nd period - Snap shot by Casey Mittelstadt.
4:33 of 2nd period - Shot Misses the Net.
4:35 of 2nd period - Wrist shot by Casey Mittelstadt.
4:35 of 2nd period - Shot Blocked by Jamie Benn.
5:20 of 2nd period - Wrist shot by Travis Konecny.
5:20 of 2nd period - Shot Misses the Net.
5:32 of 2nd period - Slapshot by Anton Lundell.
5:32 of 2nd period - Stopped by Darcy Kuemper with a rebound.
5:49 of 2nd period - Off-side.
5:50 of 2nd period - Brett Leason wins face-off versus Jamie Benn in neutral zone.
5:56 of 2nd period - Tyler Myers is hit by Noah Hanifin and loses puck.
6:15 of 2nd period - Anze Kopitar is hit by Mikko Rantanen and loses puck.
7:02 of 2nd period - Wrist shot by Dylan Cozens.
7:02 of 2nd period - Deflect By Jamie Benn.
7:02 of 2nd period - Shot Blocked by Chad Ruhwedel.
7:02 of 2nd period - Puck is out of play.
7:03 of 2nd period - Jamie Benn wins face-off versus Casey Mittelstadt in Vancouver Canucks zone.
7:20 of 2nd period - Slapshot by Clayton Keller.
7:20 of 2nd period - Shot Blocked by Darnell Nurse.
7:51 of 2nd period - Snap shot by Roope Hintz.
7:51 of 2nd period - Shot Misses the Net.
8:44 of 2nd period - Wrist shot by Mikko Rantanen.
8:44 of 2nd period - Stopped by Darcy Kuemper with a rebound.
8:54 of 2nd period - Aleksander Barkov is hit by Brent Burns and loses puck.
9:42 of 2nd period - Minor Penalty to Clayton Keller for Tripping.
9:43 of 2nd period - Aleksander Barkov wins face-off versus Anze Kopitar in Vancouver Canucks zone.
9:55 of 2nd period - Slapshot by Ty Dellandrea.
9:55 of 2nd period - Shot Blocked by Michael Matheson.
9:57 of 2nd period - Wrist shot by Ty Dellandrea.
9:57 of 2nd period - Shot Blocked by Moritz Seider.
10:01 of 2nd period - Wrist shot by Artturi Lehkonen.
10:01 of 2nd period - Stopped by Darcy Kuemper with a rebound.
10:11 of 2nd period - Jamie Benn is hit by Brett Leason and loses puck.
11:42 of 2nd period - Penalty to Clayton Keller is over, Clayton Keller is back on ice.
11:56 of 2nd period - Minor Penalty to Jason Dickinson for Tripping.
11:57 of 2nd period - Travis Konecny wins face-off versus Casey Mittelstadt in Tampa Bay Lightning zone.
12:04 of 2nd period - Slapshot by Noah Hanifin.
12:04 of 2nd period - Stopped by Darcy Kuemper without a rebound.
12:05 of 2nd period - Casey Mittelstadt wins face-off versus Travis Konecny in Tampa Bay Lightning zone.
12:06 of 2nd period - Snap shot by Robby Fabbri.
12:06 of 2nd period - Deflect By Casey Mittelstadt.
12:06 of 2nd period - Goal by Casey Mittelstadt - Vancouver Canucks : 3 - Tampa Bay Lightning : 0.
12:07 of 2nd period - Anze Kopitar wins face-off versus Mikko Rantanen in neutral zone.
12:15 of 2nd period - Minor Penalty to Mikko Rantanen for Holding.
12:16 of 2nd period - Aleksander Barkov wins face-off versus Roope Hintz in Vancouver Canucks zone.
12:20 of 2nd period - Snap shot by Roope Hintz.
12:20 of 2nd period - Shot Misses the Net.
12:22 of 2nd period - Slapshot by Darnell Nurse.
12:22 of 2nd period - Deflect By Roope Hintz.
12:22 of 2nd period - Shot Blocked by Jacob Bernard-Docker.
12:22 of 2nd period - Puck is out of play.
12:23 of 2nd period - Roope Hintz wins face-off versus Aleksander Barkov in Vancouver Canucks zone.
12:26 of 2nd period - Wrist shot by Travis Konecny.
12:26 of 2nd period - Deflect By Aleksander Barkov.
12:26 of 2nd period - Goal by Travis Konecny - Vancouver Canucks : 3 - Tampa Bay Lightning : 1.
12:27 of 2nd period - Anze Kopitar wins face-off versus Casey Mittelstadt in neutral zone.
12:51 of 2nd period - Casey Mittelstadt is hit by Kirill Kaprizov and loses puck.
13:05 of 2nd period - Ryan McDonagh is hit by Michael Matheson and loses puck.
13:16 of 2nd period - Snap shot by Clayton Keller.
13:16 of 2nd period - Shot Misses the Net.
13:18 of 2nd period - Slapshot by Ryan McDonagh.
13:18 of 2nd period - Deflect By Casey Mittelstadt.
13:18 of 2nd period - Shot Misses the Net.
13:18 of 2nd period - Puck is out of play.
13:19 of 2nd period - Roope Hintz wins face-off versus Aleksander Barkov in Tampa Bay Lightning zone.
13:19 of 2nd period - Roope Hintz is hit by Noah Hanifin.
13:27 of 2nd period - Snap shot by Travis Konecny.
13:27 of 2nd period - Stopped by Joonas Korpisalo without a rebound.
13:28 of 2nd period - Roope Hintz wins face-off versus Aleksander Barkov in Vancouver Canucks zone.
13:35 of 2nd period - Snap shot by Aleksander Barkov.
13:35 of 2nd period - Shot Blocked by Brent Burns.
13:47 of 2nd period - Artturi Lehkonen is hit by Travis Konecny and loses puck.
13:58 of 2nd period - Snap shot by Roope Hintz.
13:58 of 2nd period - Stopped by Joonas Korpisalo without a rebound.
13:59 of 2nd period - Casey Mittelstadt wins face-off versus Anze Kopitar in Vancouver Canucks zone.
13:59 of 2nd period - Casey Mittelstadt is hit by Darnell Nurse.
14:36 of 2nd period - Snap shot by Anton Lundell.
14:36 of 2nd period - Deflect By Connor Zary.
14:36 of 2nd period - Shot Blocked by Brent Burns.
14:36 of 2nd period - Puck is out of play.
14:37 of 2nd period - Anze Kopitar wins face-off versus Aleksander Barkov in Tampa Bay Lightning zone.
14:53 of 2nd period - Off-side.
14:54 of 2nd period - Roope Hintz wins face-off versus Casey Mittelstadt in neutral zone.
15:42 of 2nd period - Off-side.
15:43 of 2nd period - Anton Lundell wins face-off versus Trevor Moore in neutral zone.
15:45 of 2nd period - Off-side.
15:46 of 2nd period - Anton Lundell wins face-off versus Anze Kopitar in neutral zone.
16:59 of 2nd period - Snap shot by Robby Fabbri.
16:59 of 2nd period - Stopped by Darcy Kuemper with a rebound.
17:01 of 2nd period - Backhand shot by Brett Leason.
17:01 of 2nd period - Shot Blocked by Michael Matheson.
17:03 of 2nd period - Slapshot by Ty Dellandrea.
17:03 of 2nd period - Stopped by Darcy Kuemper without a rebound.
17:04 of 2nd period - Roope Hintz wins face-off versus Casey Mittelstadt in Tampa Bay Lightning zone.
17:39 of 2nd period - Wrist shot by Filip Forsberg.
17:39 of 2nd period - Goal by Filip Forsberg - Vancouver Canucks : 3 - Tampa Bay Lightning : 2.
17:40 of 2nd period - Anze Kopitar wins face-off versus Casey Mittelstadt in neutral zone.
17:47 of 2nd period - Mikko Rantanen is hit by Michael Matheson and loses puck.
18:31 of 2nd period - Snap shot by Trevor Moore.
18:31 of 2nd period - Stopped by Joonas Korpisalo with a rebound.
18:33 of 2nd period - Wrist shot by Jamie Benn.
18:33 of 2nd period - Shot Misses the Net.
18:55 of 2nd period - Emil Martinsen Lilleberg is hit by Gustav Nyquist and loses puck.
19:18 of 2nd period - Snap shot by Kirill Kaprizov.
19:18 of 2nd period - Deflect By Anze Kopitar.
19:18 of 2nd period - Deflect By Miro Heiskanen.
19:18 of 2nd period - Stopped by Joonas Korpisalo with a rebound.
19:36 of 2nd period - Wrist shot by Aleksander Barkov.
19:36 of 2nd period - Shot Blocked by Travis Konecny.
19:41 of 2nd period - Off-side.
19:42 of 2nd period - Anze Kopitar wins face-off versus Casey Mittelstadt in neutral zone.
Goals for this period are 2 for Vancouver Canucks vs 2 for Tampa Bay Lightning.
Shots for this period are 9 for Vancouver Canucks vs 10 for Tampa Bay Lightning.
3rd period
0:01 of 3rd period - Anze Kopitar wins face-off versus Casey Mittelstadt in neutral zone.
0:08 of 3rd period - Slapshot by Kirill Kaprizov.
0:08 of 3rd period - Stopped by Joonas Korpisalo with a rebound.
0:34 of 3rd period - Snap shot by Roope Hintz.
0:34 of 3rd period - Shot Misses the Net.
0:36 of 3rd period - Slapshot by Jonathan Huberdeau.
0:36 of 3rd period - Goal by Jonathan Huberdeau - Vancouver Canucks : 3 - Tampa Bay Lightning : 3.
0:37 of 3rd period - Anze Kopitar wins face-off versus Casey Mittelstadt in neutral zone.
1:48 of 3rd period - Darnell Nurse is hit by Noah Hanifin and loses puck.
2:27 of 3rd period - Slapshot by Artturi Lehkonen.
2:27 of 3rd period - Shot Misses the Net.
2:47 of 3rd period - Jamie Benn is hit by Anton Lundell and loses puck.
3:03 of 3rd period - Off-side.
3:04 of 3rd period - Jason Dickinson wins face-off versus Brett Leason in neutral zone.
3:29 of 3rd period - Chad Ruhwedel is hit by Michael Matheson and loses puck.
4:13 of 3rd period - Icing by Chad Ruhwedel.
4:14 of 3rd period - Anton Lundell wins face-off versus Dylan Cozens in Vancouver Canucks zone.
4:20 of 3rd period - Off-side.
4:21 of 3rd period - Anton Lundell wins face-off versus Anze Kopitar in neutral zone.
4:48 of 3rd period - Roope Hintz is hit by Clayton Keller and loses puck.
4:55 of 3rd period - Snap shot by Clayton Keller.
4:55 of 3rd period - Stopped by Darcy Kuemper with a rebound.
4:57 of 3rd period - Slapshot by Mikko Rantanen.
4:57 of 3rd period - Deflect By Clayton Keller.
4:57 of 3rd period - Goal by Clayton Keller - Vancouver Canucks : 4 - Tampa Bay Lightning : 3.
4:58 of 3rd period - Casey Mittelstadt wins face-off versus Anze Kopitar in neutral zone.
5:29 of 3rd period - Wrist shot by Matias Maccelli.
5:29 of 3rd period - Stopped by Darcy Kuemper with a rebound.
5:35 of 3rd period - Slapshot by Aleksander Barkov.
5:35 of 3rd period - Shot Blocked by Tyler Myers.
5:53 of 3rd period - Darnell Nurse is hit by Ryan McDonagh and loses puck.
6:00 of 3rd period - Backhand shot by Connor Zary.
6:00 of 3rd period - Shot Hit the Post.
6:14 of 3rd period - Hampus Lindholm is hit by Ty Dellandrea and loses puck.
6:31 of 3rd period - Wrist shot by Matias Maccelli.
6:31 of 3rd period - Stopped by Darcy Kuemper with a rebound.
6:33 of 3rd period - Snap shot by Aleksander Barkov.
6:33 of 3rd period - Stopped by Darcy Kuemper with a rebound.
6:35 of 3rd period - Slapshot by Aleksander Barkov.
6:35 of 3rd period - Stopped by Darcy Kuemper with a rebound.
6:37 of 3rd period - Snap shot by Artturi Lehkonen.
6:37 of 3rd period - Stopped by Darcy Kuemper without a rebound.
6:38 of 3rd period - Roope Hintz wins face-off versus Casey Mittelstadt in Tampa Bay Lightning zone.
6:38 of 3rd period - Roope Hintz is hit by Mikko Rantanen.
6:52 of 3rd period - Clayton Keller is hit by Jonathan Huberdeau.
7:31 of 3rd period - Wrist shot by Jason Dickinson.
7:31 of 3rd period - Shot Misses the Net.
7:33 of 3rd period - Snap shot by Gustav Nyquist.
7:33 of 3rd period - Shot Misses the Net.
7:35 of 3rd period - Snap shot by Gustav Nyquist.
7:35 of 3rd period - Stopped by Joonas Korpisalo without a rebound.
7:36 of 3rd period - Roope Hintz wins face-off versus Casey Mittelstadt in Vancouver Canucks zone.
7:37 of 3rd period - Snap shot by Travis Konecny.
7:37 of 3rd period - Shot Blocked by Miro Heiskanen.
7:43 of 3rd period - Slapshot by Jonathan Huberdeau.
7:43 of 3rd period - Shot Misses the Net.
7:45 of 3rd period - Wrist shot by Jonathan Huberdeau.
7:45 of 3rd period - Shot Hit the Post.
7:47 of 3rd period - Snap shot by Jonathan Huberdeau.
7:47 of 3rd period - Stopped by Joonas Korpisalo without a rebound.
7:48 of 3rd period - Casey Mittelstadt wins face-off versus Kirill Kaprizov in Vancouver Canucks zone.
7:48 of 3rd period - Casey Mittelstadt is hit by Kirill Kaprizov.
7:56 of 3rd period - Snap shot by Casey Mittelstadt.
7:56 of 3rd period - Shot Blocked by Michael Matheson.
7:58 of 3rd period - Slapshot by Miro Heiskanen.
7:58 of 3rd period - Stopped by Darcy Kuemper without a rebound.
7:59 of 3rd period - Anze Kopitar wins face-off versus Clayton Keller in Tampa Bay Lightning zone.
8:04 of 3rd period - Slapshot by Brent Burns.
8:04 of 3rd period - Shot Misses the Net.
8:24 of 3rd period - Brent Burns is hit by Mikko Rantanen and loses puck.
8:29 of 3rd period - Snap shot by Clayton Keller.
8:29 of 3rd period - Stopped by Darcy Kuemper without a rebound.
8:30 of 3rd period - Roope Hintz wins face-off versus Aleksander Barkov in Tampa Bay Lightning zone.
8:30 of 3rd period - Roope Hintz is hit by Artturi Lehkonen.
8:58 of 3rd period - Wrist shot by Connor Zary.
8:58 of 3rd period - Stopped by Darcy Kuemper with a rebound.
9:00 of 3rd period - Snap shot by Anton Lundell.
9:00 of 3rd period - Goal by Anton Lundell - Vancouver Canucks : 5 - Tampa Bay Lightning : 3.
9:01 of 3rd period - Casey Mittelstadt wins face-off versus Anze Kopitar in neutral zone.
9:07 of 3rd period - Minor Penalty to Darnell Nurse for Delaying the game.
9:08 of 3rd period - Jason Dickinson wins face-off versus Mikko Rantanen in Tampa Bay Lightning zone.
9:21 of 3rd period - Slapshot by Miro Heiskanen.
9:21 of 3rd period - Stopped by Darcy Kuemper without a rebound.
9:22 of 3rd period - Casey Mittelstadt wins face-off versus Anze Kopitar in Tampa Bay Lightning zone.
9:55 of 3rd period - Snap shot by Clayton Keller.
9:55 of 3rd period - Deflect By Michael Matheson.
9:55 of 3rd period - Shot Blocked by Michael Matheson.
9:55 of 3rd period - Puck is out of play.
9:56 of 3rd period - Mikko Rantanen wins face-off versus Anze Kopitar in Tampa Bay Lightning zone.
9:57 of 3rd period - Wrist shot by Clayton Keller.
9:57 of 3rd period - Stopped by Darcy Kuemper with a rebound.
10:07 of 3rd period - Minor Penalty to Clayton Keller for Cross-checking.
10:08 of 3rd period - Jamie Benn wins face-off versus Mikko Rantanen in Vancouver Canucks zone.
10:11 of 3rd period - Wrist shot by Jamie Benn.
10:11 of 3rd period - Stopped by Joonas Korpisalo with a rebound.
10:13 of 3rd period - Slapshot by Michael Matheson.
10:13 of 3rd period - Shot Blocked by Noah Hanifin.
10:15 of 3rd period - Wrist shot by Travis Konecny.
10:15 of 3rd period - Stopped by Joonas Korpisalo with a rebound.
10:17 of 3rd period - Slapshot by Moritz Seider.
10:17 of 3rd period - Deflect By Jamie Benn.
10:17 of 3rd period - Shot Misses the Net.
10:17 of 3rd period - Puck is out of play.
10:18 of 3rd period - Mikko Rantanen wins face-off versus Jamie Benn in Vancouver Canucks zone.
10:25 of 3rd period - Snap shot by Ryan McDonagh.
10:25 of 3rd period - Stopped by Darcy Kuemper without a rebound.
10:26 of 3rd period - Anze Kopitar wins face-off versus Casey Mittelstadt in Tampa Bay Lightning zone.
10:36 of 3rd period - Slapshot by Tyler Myers.
10:36 of 3rd period - Stopped by Joonas Korpisalo with a rebound.
10:38 of 3rd period - Snap shot by Tyler Myers.
10:38 of 3rd period - Shot Blocked by Chad Ruhwedel.
10:40 of 3rd period - Slapshot by Tyler Myers.
10:40 of 3rd period - Deflect By Anze Kopitar.
10:40 of 3rd period - Stopped by Joonas Korpisalo with a rebound.
10:42 of 3rd period - Slapshot by Brent Burns.
10:42 of 3rd period - Stopped by Joonas Korpisalo with a rebound.
11:07 of 3rd period - Penalty to Darnell Nurse is over, Darnell Nurse is back on ice.
11:18 of 3rd period - Wrist shot by Anze Kopitar.
11:18 of 3rd period - Deflect By Roope Hintz.
11:18 of 3rd period - Stopped by Joonas Korpisalo without a rebound.
11:19 of 3rd period - Anze Kopitar wins face-off versus Artturi Lehkonen in Vancouver Canucks zone.
12:07 of 3rd period - Penalty to Clayton Keller is over, Clayton Keller is back on ice.
12:24 of 3rd period - Wrist shot by Jason Dickinson.
12:24 of 3rd period - Shot Misses the Net.
13:28 of 3rd period - Slapshot by Ryan McDonagh.
13:28 of 3rd period - Shot Blocked by Tyler Myers.
13:30 of 3rd period - Wrist shot by Brett Leason.
13:30 of 3rd period - Stopped by Darcy Kuemper without a rebound.
13:31 of 3rd period - Casey Mittelstadt wins face-off versus Dylan Cozens in Tampa Bay Lightning zone.
13:32 of 3rd period - Wrist shot by Clayton Keller.
13:32 of 3rd period - Stopped by Darcy Kuemper with a rebound.
13:34 of 3rd period - Snap shot by Mikko Rantanen.
13:34 of 3rd period - Shot Misses the Net.
13:36 of 3rd period - Slapshot by Ryan McDonagh.
13:36 of 3rd period - Shot Misses the Net.
14:10 of 3rd period - Snap shot by Anze Kopitar.
14:10 of 3rd period - Stopped by Joonas Korpisalo with a rebound.
14:12 of 3rd period - Slapshot by Moritz Seider.
14:12 of 3rd period - Stopped by Joonas Korpisalo with a rebound.
14:31 of 3rd period - Minor Penalty to Travis Konecny for Tripping.
14:32 of 3rd period - Mikko Rantanen wins face-off versus Jason Dickinson in Tampa Bay Lightning zone.
14:42 of 3rd period - Snap shot by Clayton Keller.
14:42 of 3rd period - Shot Blocked by Michael Matheson.
14:44 of 3rd period - Wrist shot by Mikko Rantanen.
14:44 of 3rd period - Stopped by Darcy Kuemper without a rebound.
14:45 of 3rd period - Anze Kopitar wins face-off versus Casey Mittelstadt in Tampa Bay Lightning zone.
15:11 of 3rd period - Robby Fabbri is hit by Tyler Myers and loses puck.
15:16 of 3rd period - Slapshot by Michael Matheson.
15:16 of 3rd period - Shot Blocked by Anton Lundell.
15:28 of 3rd period - Wrist shot by Anze Kopitar.
15:28 of 3rd period - Stopped by Joonas Korpisalo with a rebound.
15:38 of 3rd period - Slapshot by Noah Hanifin.
15:38 of 3rd period - Shot Hit the Post.
16:10 of 3rd period - Icing by Anton Lundell.
16:11 of 3rd period - Anze Kopitar wins face-off versus Mikko Rantanen in Vancouver Canucks zone.
16:31 of 3rd period - Penalty to Travis Konecny is over, Travis Konecny is back on ice.
16:44 of 3rd period - Snap shot by Jonathan Huberdeau.
16:44 of 3rd period - Stopped by Joonas Korpisalo with a rebound.
16:46 of 3rd period - Slapshot by Michael Matheson.
16:46 of 3rd period - Shot Blocked by Aleksander Barkov.
16:48 of 3rd period - Snap shot by Darnell Nurse.
16:48 of 3rd period - Stopped by Joonas Korpisalo with a rebound.
17:34 of 3rd period - Slapshot by Trevor Moore.
17:34 of 3rd period - Shot Misses the Net.
17:46 of 3rd period - Travis Konecny is hit by Chad Ruhwedel and loses puck.
18:39 of 3rd period - Slapshot by Darnell Nurse.
18:39 of 3rd period - Stopped by Joonas Korpisalo without a rebound.
18:40 of 3rd period - Jamie Benn wins face-off versus Mikko Rantanen in Vancouver Canucks zone.
18:41 of 3rd period - Wrist shot by Dylan Cozens.
18:41 of 3rd period - Shot Misses the Net.
19:07 of 3rd period - Mikko Rantanen is hit by Filip Forsberg and loses puck.
19:33 of 3rd period - Icing by Clayton Keller.
19:34 of 3rd period - Anze Kopitar wins face-off versus Brett Leason in Vancouver Canucks zone.
Goals for this period are 2 for Vancouver Canucks vs 1 for Tampa Bay Lightning.
Shots for this period are 17 for Vancouver Canucks vs 16 for Tampa Bay Lightning.
Back to the Top